 Dungeon Crawl Stone Soup version 0.22-a0-402-ga933591 (webtiles) character file.

54 Mgcat the Stinger (level 4, 0/30 HPs)
             Began as a Formicid Venom Mage on May 7, 2018.
             Succumbed to Terence's poison
             ... on level 2 of the Dungeon.
             The game lasted 00:05:29 (1339 turns).

Mgcat the Stinger (Formicid Venom Mage)             Turns: 1339, Time: 00:05:29

Health: 0/30       AC:  2    Str: 19    XL:     4   Next: 12%
Magic:  2/8        EV: 12    Int: 16    God:
Gold:   87         SH:  0    Dex: 11    Spells: 6/9 levels left

rFire    . . .     SeeInvis +   b - +0 mace
rCold    . . .     Gourm    .   (no shield)
rNeg     . . .     Faith    .   a - +0 robe
rPois    .         Spirit   .   (helmet unavailable)
rElec    .         Reflect  .   (no cloak)
rCorr    .         Harm     .   (no gloves)
MR       .....                  (no boots)
Stlth    ++........             (no amulet)
HPRegen  0.10/turn              d - +2 ring of strength
MPRegen  0.11/turn              (no ring)

@: mighty, lethally poisoned (0 -> -4), very slightly contaminated
A: permanent stasis, dig shafts and tunnels, four strong arms, antennae 3
a: Dig, Shaft Self


You were on level 2 of the Dungeon.
You were not hungry.

You visited 1 branch of the dungeon, and saw 2 of its levels.

You collected 87 gold pieces.

Inventory:

Hand Weapons
 b - a +0 mace (weapon)
   (You found it on level 1 of the Dungeon)
Armour
 a - a +0 robe (worn)
Jewellery
 d - a +2 ring of strength (left hand)
   (You found it on level 1 of the Dungeon)
Scrolls
 e - 3 scrolls of identify {unknown}
 g - a scroll of blinking {unknown}
 h - a scroll of remove curse {unknown}
Comestibles
 c - 2 rations


   Skills:
 - Level 1.7 Dodging
 - Level 2.4 Stealth
 + Level 3.0 Spellcasting
 + Level 2.0 Conjurations
 + Level 4.8 Poison Magic


You had 6 spell levels left.
You knew the following spells:

 Your Spells              Type           Power        Failure   Level  Hunger
a - Sting                 Conj/Pois      ##..         4%          1    #......
b - Poisonous Vapours     Pois/Air       ##....       11%         2    ##.....


Dungeon Overview and Level Annotations

Branches:
Dungeon (2/15)

Altars:


Innate Abilities, Weirdness & Mutations

You cannot be hasted, slowed, berserked, paralysed or teleported.
You can dig through walls and to a lower floor.
Your four strong arms can wield two-handed weapons with a shield.
You have a pair of large antennae on your head. (SInv)


Message History

Unknown command.
Unknown command.
Unknown command.
Unknown command.
Unknown command.
Casting: Sting (safe; 6% risk of failure)
Confirm with . or Enter, or press ? or * to list all spells.
Aiming: Poisonous Vapours (safe; 12% risk of failure)
Press: ? - help, Dir - move target cursor, f - Terence
Aim: Terence, wielding a hand axe of venom and wearing a scale mail (resting) Poisonous vapours surround Terence!
Terence shouts!
Terence is poisoned.
Terence moves out of view.
Casting: Poisonous Vapours (safe; 12% risk of failure)
Confirm with . or Enter, or press ? or * to list all spells.
Aiming: Poisonous Vapours (safe; 12% risk of failure)
Press: ? - help, Dir - move target cursor, f/p - Terence
Aim: Terence, wielding a hand axe of venom and wearing a scale mail (lightly wounded, poisoned) Poisonous vapours surround Terence!
Casting: Poisonous Vapours (safe; 12% risk of failure)
Confirm with . or Enter, or press ? or * to list all spells.
Aiming: Sting (safe; 6% risk of failure)
Press: ? - help, Shift-Dir - straight line, f/p - Terence
Aim: Terence, wielding a hand axe of venom and wearing a scale mail (lightly wounded, poisoned)
The sting hits Terence.
Terence looks even sicker.
Terence is lightly wounded.
A goblin comes into view. It is wielding a dagger.
Casting: Sting (safe; 6% risk of failure)
Confirm with . or Enter, or press ? or * to list all spells.
Aiming: Sting (safe; 6% risk of failure)
Press: ? - help, Shift-Dir - straight line, f/p - Terence
Aim: Terence, wielding a hand axe of venom and wearing a scale mail (moderately wounded, poisoned)
The sting misses Terence.
The goblin shouts!
Casting: Sting (safe; 6% risk of failure)
Confirm with . or Enter, or press ? or * to list all spells.
Aiming: Sting (safe; 6% risk of failure)
Press: ? - help, Shift-Dir - straight line, f/p - Terence
Aim: Terence, wielding a hand axe of venom and wearing a scale mail (moderately wounded, poisoned)
The sting hits Terence.
Terence looks even sicker.
Terence is heavily wounded.
Terence hits you with a hand axe of venom.
You are poisoned.
You feel sick.
You feel sick.
You feel sick.
Casting: Sting (safe; 6% risk of failure)
Confirm with . or Enter, or press ? or * to list all spells.
Aiming: Sting (safe; 6% risk of failure)
Press: ? - help, Shift-Dir - straight line, f/p - Terence
Aim: Terence, wielding a hand axe of venom and wearing a scale mail (almost dead, poisoned)
You miscast Sting.
You are very lightly contaminated with residual magic.
You feel a strange surge of energy!
You feel sick.
Terence hits you with a hand axe of venom.
You are lethally poisoned!
You hit Terence.
You kill Terence!
Your Spellcasting skill increases to level 3!
Your Conjurations skill increases to level 2!
You have reached level 4!
You feel clever.
You feel sick.
You feel sick.
Things that are here:
a hand axe of venom; a scale mail; the human corpse of Terence You hit the goblin.
The goblin is moderately wounded.
* * * LOW HITPOINT WARNING * * *
You feel sick. The goblin closely misses you. The goblin misses you.
It was a potion of might.
You feel very mighty all of a sudden.
* * * LOW HITPOINT WARNING * * *
You feel sick. The goblin closely misses you.
You hit the goblin.
You kill the goblin!
* * * LOW HITPOINT WARNING * * *
You feel sick.
* * * LOW HITPOINT WARNING * * *
You feel sick.
You see here a dagger.
* * * LOW HITPOINT WARNING * * *
You feel sick.
* * * LOW HITPOINT WARNING * * *
You feel sick.
* * * LOW HITPOINT WARNING * * *
You feel sick.
There is a stone staircase leading up here.
* * * LOW HITPOINT WARNING * * *
You feel sick.
* * * LOW HITPOINT WARNING * * *
You feel sick.
* * * LOW HITPOINT WARNING * * *
You feel sick.
A goblin comes into view.
* * * LOW HITPOINT WARNING * * *
You feel sick.
A hobgoblin comes into view.
The hobgoblin shouts!
You die...

###....<...###.......
#..........#..........
#.#..........#........
#.##.......###........
#.#...###.#...........
#...#.# #...##........
#..##.# ##..##....g..<
#.###.# ###.......#
#.# #.# #..@.#### ###
#^# #.......# ..#
#...........
#...........
.............
..............
...............
...............


You could see a hobgoblin.

Vanquished Creatures
  Terence (D:2)
  A dart slug (D:1)
  2 leopard geckos (D:1)
  A ball python (D:1)
  A giant cockroach (D:1)
  5 goblins
  2 hobgoblins (D:1)
  A ball python zombie (D:1)
  2 bats (D:1)
  A frilled lizard (D:1)
  3 kobolds (D:1)
  A leopard gecko zombie (D:1)
  5 rats
26 creatures vanquished.

Notes
Turn   | Place    | Note
-------+----------+-------------------------------------------
     0 | D:1      | Mgcat the Formicid Venom Mage began the quest for the Orb.
     0 | D:1      | Reached XP level 1. HP: 13/13 MP: 3/3
    44 | D:1      | Reached skill level 1 in Conjurations
   213 | D:1      | Reached XP level 2. HP: 12/19 MP: 0/5
   351 | D:1      | Learned a level 2 spell: Poisonous Vapours
   724 | D:1      | Reached XP level 3. HP: 24/24 MP: 1/6
  1303 | D:2      | Noticed Terence
  1320 | D:2      | Killed Terence
  1320 | D:2      | Reached skill level 3 in Spellcasting
  1320 | D:2      | Reached skill level 2 in Conjurations
  1320 | D:2      | Reached XP level 4. HP: 14/30 MP: 0/8
  1324 | D:2      | HP: 7/30 [poisoned by Terence]
  1329 | D:2      | HP: 4/30 [poisoned by Terence]
  1334 | D:2      | HP: 1/30 [poisoned by Terence]
  1339 | D:2      | Succumbed to Terence's poison

Vault maps used:
D:1:      saegor_arrival_fortress
D:2:      uniq_terence

Skill      XL: |  1  2  3 |
---------------+----------+-----
Conjurations   | 1 2 |  2.0
Spellcasting   | 3 |  3.0
Dodging        | |  1.7
Stealth        | |  2.4
Poison Magic   | |  4.8

Action                   |  1- 3 |  4- 6 || total
-------------------------+-------+-------++-------
Melee: Mace              |    22 |     2 ||    24
 Cast: Sting             |    28 |       ||    28
       Poisonous Vapours |    17 |       ||    17
  Use: Potion            |       |     1 ||     1
  Eat: Chunk             |     3 |       ||     3
Armor: Robe              |    13 |       ||    13
Dodge: Dodged            |    30 |     3 ||    33

Table legend:
 A = Spawn XP
 B = Non-spawn XP
 C = Spawn XP percentage of total XP
 D = Spawn monster count
 E = Non-spawn monster count
 F = Spawn count percentage of total count
 G = Total turns spent on level
                    A         B        C        D         E        F      G
               +---------+---------+-------+---------+---------+-------+---------
         Total |       0 |      78 |   0.0 |       0 |      26 |   0.0 |  1339
               +---------+---------+-------+---------+---------+-------+---------
           D:1 |       0 |      39 |   0.0 |       0 |      23 |   0.0 |  1278
           D:2 |       0 |      39 |   0.0 |       0 |       3 |   0.0 |    61
               +---------+---------+-------+---------+---------+-------+---------

Vault maps used:
D:1:      saegor_arrival_fortress
D:2:      uniq_terence

Table legend:
 A = Turns spent in this place as a percentage of turns spent in the entire game.
 B = Non-inter-level travel turns spent in this place as a percentage of non-inter-level travel turns spent in the entire game.
 C = Inter-level travel turns spent in this place as a percentage of turns spent in this place.
 D = Turns resting spent in this place as a percentage of non-inter-level travel turns spent in this place.
 E = Turns spent auto-exploring this place as a percentage of non-inter-level travel turns spent in this place.
 F = Non-inter-level travel turns spent in this place divided by the number of levels of this place that you've seen.
                   A       B       C       D       E      F
               +-------+-------+-------+-------+-------+----------------------
         Total | 100.0 | 100.0 |   1.5 |   7.7 |  73.1 | 659.5
       Dungeon | 100.0 | 100.0 |   1.5 |   7.7 |  73.1 | 659.5
               +-------+-------+-------+-------+-------+----------------------

Table legend:
 A = Kills in this place as a percentage of kills in entire the game.
 B = Kills by you in this place as a percentage of kills by you in the entire game.
 C = Kills by friends in this place as a percentage of kills by friends in the entire game.
 D = Other kills in this place as a percentage of other kills in the entire game.
 E = Experience gained in this place as a percentage of experience gained in the entire game.
 F = Experience gained in this place divided by the number of levels of this place that you have seen.
                   A       B       C       D       E      F
               +-------+-------+-------+-------+-------+----------------------
         Total | 100.0 | 100.0 |   N/A |   N/A | 100.0 |  39.0
       Dungeon | 100.0 | 100.0 |   N/A |   N/A | 100.0 |  39.0
               +-------+-------+-------+-------+-------+----------------------
